 Dungeon Crawl Stone Soup version 0.23.2-40-g277498a001 (webtiles) character file.

Game seed: 2983779160800643106

13 Emblim88 the Conjurer (level 2, 0/17 HPs)
             Began as an Octopode Conjurer on Oct 17, 2019.
             Slain by a jackal (1 damage)
             ... on level 1 of the Dungeon.
             The game lasted 00:01:02 (325 turns).

Emblim88 the Conjurer (Octopode Conjurer)            Turns: 325, Time: 00:01:02

Health: 0/17       AC:  1    Str:  7    XL:     2   Next: 37%
Magic:  0/5        EV: 13    Int: 17    God:
Gold:   10         SH:  0    Dex: 12    Spells: 4/5 levels left

rFire    . . .     SeeInvis .   (no weapon)
rCold    . . .     Gourm    .   (no shield)
rNeg     . . .     Faith    .   (helmet restricted)
rPois    .         Spirit   .   (no amulet)
rElec    .         Reflect  .   (no ring)
rCorr    .         Harm     .   (no ring)
MR       .....                  (no ring)
Stlth    +++.......             (no ring)
HPRegen  0.05/turn              (no ring)
MPRegen  0.09/turn              (no ring)
                                (no ring)
                                (no ring)

@: no status effects
A: almost no armour, stealthy swim, amphibious, 8 rings, constrict 8, camouflage
1, gelatinous body 1
a: no special abilities


You were on level 1 of the Dungeon.
You were not hungry.

You visited 1 branch of the dungeon, and saw 1 of its levels.

You collected 10 gold pieces.

Inventory:

Scrolls
 c - a scroll of remove curse {unknown}
Potions
 a - a potion of curing {unknown}
Comestibles
 b - a ration


   Skills:
 + Level 2.2 Dodging
 * Level 3.3 Stealth
 + Level 2.1 Spellcasting
 + Level 4.1 Conjurations


You had 4 spell levels left.
You knew the following spells:

 Your Spells              Type           Power        Failure   Level  Hunger
a - Magic Dart            Conj           ###.         3%          1    #......

Your spell library contained the following spells:

 Spells                   Type           Power        Failure   Level  Hunger
 Searing Ray              Conj           ###...       5%          2    ###....
 Dazzling Spray           Conj/Hex       #.....       24%         3    ###....
 Iskenderun's Mystic Bla  Conj           ###.....     34%         4    #####..
 Force Lance              Conj/Tloc      #.......     63%         4    #####..
 Fulminant Prism          Conj/Hex       #.........   63%         4    #####..


Dungeon Overview and Level Annotations

Branches:
Dungeon (1/15)

Altars:


Innate Abilities, Weirdness & Mutations

You cannot wear most types of armour.
You are very stealthy in the water. (Stealth+)
You are amphibious.
You can wear up to eight rings at the same time.
You can use your tentacles to constrict eight enemies at once.
Your skin changes colour to match your surroundings (Stealth+).
Your rubbery body absorbs attacks. (AC +1, EV +1)


Message History

The jackal barely misses you. The jackal bites you.
* * * LOW HITPOINT WARNING * * *
You tentacle-slap the jackal but do no damage.
You grab the jackal.
The jackal is moderately wounded.
You constrict the jackal, but do no damage.
The jackal escapes!
Casting: Magic Dart (safe; 3% risk of failure)
Confirm with . or Enter, or press ? or * to list all spells.
You don't have enough magic to cast that spell.
Unknown command.
Casting: Magic Dart (safe; 3% risk of failure)
Confirm with . or Enter, or press ? or * to list all spells.
You don't know that spell.
You tentacle-slap the jackal. Your grab misses the jackal.
The jackal is heavily wounded.
The jackal barely misses you. The jackal bites you.
* * * LOW HITPOINT WARNING * * *
The jackal bites you.
You die...

### #### # .. ...#.
.# .. #. .....#.
#.#. #.#. .#..
.##... #.#.## ..#
....#####.....
#.###....#..#.....
#@##.......>#.....
#hh...##...##.....
.###...............
#h........#..#......
#####.#.............
...#.#.###.......
.####.#.......#... #
#.#######.####
#.......).#


You could see 2 jackals.

Vanquished Creatures
  2 bats (D:1)
  3 giant cockroaches (D:1)
  A jackal (D:1)
  7 rats (D:1)
13 creatures vanquished.

Notes
Turn   | Place    | Note
-------+----------+-------------------------------------------
     0 | D:1      | Emblim88 the Octopode Conjurer began the quest for the Orb.
     0 | D:1      | Reached XP level 1. HP: 11/11 MP: 3/3
    88 | D:1      | Reached XP level 2. HP: 17/17 MP: 0/5
   325 | D:1      | Slain by a jackal

Skill      XL: |  1 |
---------------+----+-----
Stealth        | 3 |  3.3
Dodging        | |  2.2
Spellcasting   | |  2.1
Conjurations   | |  4.1

Action                   || total
-------------------------++-------
Melee: Unarmed           ||     7
       Tentacles         ||     2
       Constrict         ||     2
 Cast: Magic Dart        ||    19
 Stab: Sleeping          ||     1
Armor: Skin              ||     2
Dodge: Dodged            ||    13
